 Dungeon Crawl Stone Soup version 0.31-a0-257-gf185e81a89 (webtiles) character file.

Game seed: 12424115098372156872

153 qw the Shooter (level 5, -5/41 HPs)
             Began as a Minotaur Hexslinger on July 12, 2023.
             Killed from afar by an orc wizard (7 damage)
             ... with a puff of flame
             ... on level 4 of the Dungeon.
             The game lasted 00:00:43 (1946 turns).

qw the Shooter (Minotaur Hexslinger)                Turns: 1946, Time: 00:00:43

Health: -5/41      AC:  4    Str: 19    XL:     5   Next: 12%
Magic:  5/5        EV: 12    Int: 10    God:
Gold:   156        SH:  0    Dex: 14    Spells: 5/6 levels left

rFire   . . .        Y - +1 shortbow
rCold   . . .        (shield currently unavailable)
rNeg    . . .        g - +0 leather armour
rPois   .            (helmet restricted)
rElec   .            (no cloak)
rCorr   .            e - +0 pair of gloves
SInv    .            (no boots)
Will    .....        j - amulet of the acrobat
Stlth   +            b - +6 ring of strength
HPRegen 0.26/turn    (no ring)
MPRegen 0.09/turn

%: acrobat
@: no status effects
A: horns 2, retaliatory headbutt
a: no special abilities


You were on level 4 of the Dungeon.
You visited 1 branch of the dungeon, and saw 6 of its levels.

You collected 156 gold pieces.


Innate Abilities, Weirdness & Mutations

You have a pair of horns on your head.
You reflexively headbutt those who attack you in melee.


   Skills:
 + Level 2.1 Fighting
 - Level 5.7 Ranged Weapons
 - Level 2.1 Dodging
 - Level 1.0 Spellcasting
 - Level 2.0 Hexes


You had 5 spell levels left.
You knew the following spells:

 Your Spells              Type           Power      Damage    Failure   Level
a - Slow                  Hex            16%        N/A       19%         1

Your spell library contained the following spells:

 Spells                   Type           Power      Damage    Failure   Level
 Inner Flame              Hex/Fire       2%         N/A       63%         3
 Portal Projectile        Hex/Tloc       4%         N/A       63%         3
 Cause Fear               Hex            2%         N/A       87%         4

Inventory:

Hand Weapons
 Y - a +1 shortbow (weapon)
Armour
 e - a +0 pair of gloves (worn)
 g - a +0 leather armour (worn)
Jewellery
 b - a +6 ring of strength (left hand)
 j - an amulet of the acrobat (around neck)
Potions
 a - a potion of haste {unknown}
 d - a potion of experience {unknown}
 h - a potion of degeneration {unknown}
 i - a potion of mutation {unknown}

Dungeon Overview and Level Annotations

Branches:
Dungeon (6/15)
 Temple: D:4-7

Altars:


Message History

The orc misses you.
You hear some strange, mumbled words.
A puff of flame appears from out of thin air!
The puff of flame misses you. Something closely misses you.
The orc completely misses you. Something closely misses you. x2
The orc hits you with a +0 hand axe. Something closely misses you. x2
You feel less confused. The orc completely misses you.
Something barely misses you.
You shoot an arrow. The arrow barely misses the orc.
The orc barely misses you. Something hits you.
You hear some strange, mumbled words.
Something tries to affect you, but you resist.
The orc misses you. You furiously retaliate!
You headbutt the orc. Something hits you. x2
You shoot an arrow. The arrow closely misses the orc.
The orc misses you. Something hits you. Something hits you but does no damage.
You shoot an arrow. The arrow closely misses the orc.
The orc barely misses you. Something hits you but does no damage.
Something hits you.
You shoot an arrow. The arrow barely misses the orc.
Something hits you but does no damage. The orc barely misses you.
Something hits you.
You shoot an arrow. The arrow hits the orc.
The orc is severely wounded.
The orc hits you with a +0 hand axe. Something completely misses you.
You hear some strange, mumbled words.
A puff of flame appears from out of thin air!
The puff of flame hits you.
You shoot an arrow. The arrow hits the orc.
You kill the orc!
Something hits you but does no damage. Something barely misses you.
You shoot an arrow. Something hits you. Something hits you but does no damage.
Something hits you. x2
You shoot an arrow. Something hits you. Something hits you but does no damage.
You shoot an arrow.
You hear some strange, mumbled words.
A puff of flame appears from out of thin air!
The puff of flame hits you!
You die...

######
#....#
##.##
#..@#####
#>){{......
#.........)
#.###..###.
#.# ..# ..#
.!.. .###
#### ..


There were no monsters in sight!

Vanquished Creatures
  An ogre (D:4)
  An adder (D:3)
  6 orcs
  3 goblins
  9 hobgoblins
  5 jackals
  2 kobolds
  4 ball pythons
  7 bats
  4 frilled lizards
  9 rats
51 creatures vanquished.

Notes
Turn   | Place    | Note
-------+----------+-------------------------------------------
     0 | D:1      | qw the Minotaur Hexslinger began the quest for the Orb.
     0 | D:1      | Reached XP level 1. HP: 16/16 MP: 1/1
     0 | D:1      | 0 ||| qw: Version: 0.3-a-52-g30416fa
     0 | D:1      | 0 ||| qw: Game counter: 6793
     0 | D:1      | 0 ||| qw: Melee chars always use a shield: true
     0 | D:1      | 0 ||| qw: God list: Okawaru
     0 | D:1      | 0 ||| qw: Allow faded altars: false
     0 | D:1      | 0 ||| qw: Do Orc after clearing Dungeon:15 true
     0 | D:1      | 0 ||| qw: Do second Lair branch before Depths: true
     0 | D:1      | 0 ||| qw: Lair rune preference: random
     0 | D:1      | 0 ||| qw: Goals: Normal
     0 | D:1      | 0 ||| PLANNING D:1-11
   137 | D:1      | Noticed an eye of devastation
   139 | D:1      | Found a faded altar of an unknown god.
   141 | D:1      | Noticed a floating eye
   141 | D:1      | Noticed a great orb of eyes
   141 | D:1      | Noticed a shining eye
   163 | D:1      | Reached skill level 3 in Ranged Weapons
   163 | D:1      | Reached XP level 2. HP: 23/23 MP: 2/2
   841 | D:1      | 841 ||| UPGRADING to +0 pair of gloves.
   846 | D:1      | 846 ||| READING scroll labelled EMOAMM OLOITEE.
   888 | D:1      | 888 ||| READING scroll labelled VAEGOE ATYBADU.
   889 | D:1      | 889 ||| DROPPING scroll of poison.
  1123 | D:2      | Reached XP level 3. HP: 29/29 MP: 3/3
  1312 | D:2      | 1312 ||| SWAPPING to +0 shortbow.
  1313 | D:2      | 1313 ||| DROPPING +1 sling.
  1622 | D:2      | 1622 ||| UPGRADING to amulet of the acrobat.
  1627 | D:2      | 1627 ||| READING scroll labelled ECABAWE GIDIE.
  1628 | D:2      | 1628 ||| READING 3 scrolls labelled PEEPRE BOUWK.
  1629 | D:2      | 1629 ||| READING scroll labelled KEHI JOWNOOSIU.
  1630 | D:2      | 1630 ||| DROPPING 2 scrolls of amnesia.
  1708 | D:3      | Reached skill level 4 in Ranged Weapons
  1873 | D:3      | You fall into a shaft and drop 3 floors!
  1874 | D:6      | 1874 ||| UPGRADING to +0 leather armour.
  1884 | D:6      | 1884 ||| DROPPING +0 robe.
  1885 | D:6      | 1885 ||| UPGRADING to +6 ring of strength.
  1886 | D:6      | 1886 ||| DRINKING 2 brown potions.
  1888 | D:6      | 1888 ||| STAIRDANCE
  1889 | D:5      | Entered Level 5 of the Dungeon
  1899 | D:4      | Noticed an ogre
  1906 | D:4      | Killed an ogre
  1907 | D:4      | Reached skill level 5 in Ranged Weapons
  1907 | D:4      | Reached XP level 4. HP: 13/36 MP: 4/4
  1907 | D:4      | Reached XP level 5. HP: 15/41 MP: 5/5
  1914 | D:4      | HP: 6/41 [orc wizard/magic dart (11)]
  1915 | D:4      | 1915 ||| DRINKING potion of heal wounds.
  1942 | D:4      | HP: 10/41 [orc/+0 hand axe (1)]
  1944 | D:4      | HP: 4/41 [something (1)]
  1946 | D:4      | Killed from afar by an orc wizard

Levels and vault maps discovered:
D:1:      dpeg_arrival_arbitrary_b, layout_basic,
          hellmonk_ecumenical_altar_watching_god
D:2:      layout_loops_ring, amcnicky_mini_rare_corridor_liquid,
          item_on_display_a
D:3:      layout_rooms, mainiacjoe_overflow_six_doors_small
D:4:      layout_basic, mainiacjoe_overflow_cross_hatched, marbit_many_paths,
          minmay_temple_entry_enclosed_plants
D:5:      layout_basic, mainiacjoe_overflow_surrounded_room, fedhas_altar_2,
          minmay_chambers_of_fives, uniq_eustachio, uniq_menkaure
D:6:      layout_basic, minivault_27

Skill      XL: |  1  2  3 |
---------------+----------+-----
Ranged Weapons | 3 5 |  5.7
Fighting       | 2 |  2.1
Dodging        | |  2.1
Spellcasting   | |  1.0
Hexes          | |  2.0

Action                     |  1- 3 |  4- 6 || total
---------------------------+-------+-------++-------
   Fire: Sling             |    79 |       ||    79
         Shortbow          |    46 |    24 ||    70
    Use: Scroll            |     5 |       ||     5
         Potion            |     1 |     1 ||     2
 Armour: Robe              |     9 |       ||     9
         Leather armour    |       |     9 ||     9
  Dodge: Dodged            |    27 |    29 ||    56

Table legend:
 A = Non-vault XP
 B = Vault XP
 C = Vault XP percentage of total XP
 D = Non-vault monster count
 E = Vault monster count
 F = Vault count percentage of total count
                 A         B        C        D         E       F
            +---------+---------+-------+---------+---------+-------
      Total |     219 |       0 |   0.0 |      51 |       0 |   0.0
            +---------+---------+-------+---------+---------+-------
        D:1 |      33 |       0 |   0.0 |      24 |       0 |   0.0
        D:2 |      21 |       0 |   0.0 |      12 |       0 |   0.0
        D:3 |      37 |       0 |   0.0 |      12 |       0 |   0.0
        D:4 |     128 |       0 |   0.0 |       3 |       0 |   0.0
            +---------+---------+-------+---------+---------+-------
